 Dungeon Crawl Stone Soup version 0.16.1-16-gc44b35d (webtiles) character file.

262 Chiseanne the Covert (level 5, -5/25 HPs)
             Began as a Spriggan Assassin on Apr 28, 2015.
             Was an Initiate of Gozag.
             Killed by divine providence
             ... invoked by an orc priest
              (14 damage)
             ... on level 3 of the Dungeon.
             The game lasted 00:09:16 (3353 turns).

Chiseanne the Covert (Spriggan Assassin)            Turns: 3353, Time: 00:09:16

Health: -5/25      AC:  5    Str:  7    XL:     5   Next: 97%
Magic:  10/10      EV: 17    Int: 13    God:    Gozag
Gold:   385        SH:  0    Dex: 18    Spells: 0 memorised, 4 levels left

rFire  . . .     SeeInvis +     w - +0 blowgun
rCold  . . .     Clarity  .     r - +2 robe {MR+}
rNeg   . . .     SustAb   .     (shield restricted)
rPois  +         Gourm    .     (helmet restricted)
rElec  .         Spirit   .     d - +0 cloak
rCorr  .         Warding  .     (gloves unavailable)
rMut   .         Stasis   .     (boots unavailable)
MR     +....                    (no amulet)
Stlth  ++++++....               (no ring)
                                q - ring of poison resistance

@: very quick, somewhat resistant to hostile enchantments, very stealthy
A: unfitting armour, see invisible, herbivore 3, speed 3, slow metabolism 2
a: Potion Petition, Call Merchant, Bribe Branch, Renounce Religion


You were on level 3 of the Dungeon.
You worshipped Gozag.
Gozag was noncommittal.
You were completely stuffed.

You visited 1 branch of the dungeon, and saw 3 of its levels.
You also visited: Sewer.

You collected 473 gold pieces.
You paid 88 gold pieces to Gozag.

Inventory:

Hand weapons
 a - a +1 short sword
 w - a +0 blowgun (weapon)
Missiles
 c - 5 tomahawks
 e - 16 poisoned needles
 f - 4 curare-tipped needles (quivered)
 o - 15 arrows
 p - 38 bolts
 t - 14 arrows of frost
 u - 18 steel sling bullets
Armour
 d - a +0 cloak (worn)
 r - a +2 robe of magic resistance (worn)
Jewellery
 q - a ring of poison resistance (left hand)
Magical devices
 s - a wand of disintegration (13)
Scrolls
 b - a scroll of remove curse
 v - a scroll of teleportation {unknown}
 x - a scroll of fog
Potions
 h - 2 potions of mutation {unknown}
 i - a potion of haste {unknown}
 j - 4 potions of curing
 k - 2 potions of heal wounds
 m - a potion of might {unknown}
 n - a potion of agility {unknown}
 z - a potion of berserk rage
Comestibles
 g - a slice of pizza
 l - a bread ration


   Skills:
 - Level 1.5 Fighting
 - Level 2.1 Short Blades
 - Level 2.1 Throwing
 - Level 1.5 Dodging
 * Level 10.9 Stealth


You had 4 spell levels left.
You didn't know any spells.

Dungeon Overview and Level Annotations

Branches:
Dungeon (3/15)

Altars:
Gozag
Kikubaaqudgha
Nemelex Xobeh

Annotations:
D:2 exclusion: 3 doors


Innate Abilities, Weirdness & Mutations

You are tiny and cannot use many weapons and most armour.
You have supernaturally acute eyesight.
You are a herbivore.
You cover ground extremely quickly.
You need consume almost no food.


Message History

Okay, then.
Wield which item (- for none, * to show all)? (? for menu, Esc to quit)
w - a +0 blowgun (weapon)
The orc priest mumbles some strange prayers to Beogh against you.
You easily resist.
The orc shouts!
Firing (i - inventory. (,) - cycle):
f - 5 curare-tipped needles (quivered)
Press: ? - help, Shift-Dir - straight line, f - orc priest
Aim: an orc priest, wielding an enchanted hand axe and wearing a leather armour You shoot a curare-tipped needle.
The orc shouts!
The curare-tipped needle hits the orc priest.
The orc priest is poisoned.
The orc priest convulses.
The orc priest seems to slow down.
The orc priest is severely wounded.
The orc priest invokes the aid of Beogh against you.
Something smites you!
Ouch! That really hurt!
You die...
Your body crumbles into a pile of gold.

#. ### ############. o.#
#............ #o#
#............ #o#
#............ #o#
#########.... # #.#
#.... #.#.#
#############'
#.#.#.#@###..>..........
#.........#.#....######.
###.#.#.#.#.#.#.## #.
#.#.#.#)#.#.#######. #
#.#.#.#........... $
#.#.#.#.#.(.)[.).)
#.#.#.#.##########
#.#.#.#...........
#.....############


You could see an orc priest and 3 orcs.

Vanquished Creatures
  A crocodile (Sewer)
  An orc wizard (D:3)
  4 adders (D:2)
  2 giant mites
  4 worms
  9 orcs (D:3)
  3 bat skeletons (D:2)
  2 bat zombies (D:2)
  A giant cockroach (D:2)
  14 hobgoblins
  9 bats
  A giant newt (D:3)
  8 goblins
  A jackal (D:2)
  10 kobolds
  9 rats
79 creatures vanquished.

Notes
Turn   | Place    | Note
--------------------------------------------------------------
     0 | D:1      | Chiseanne, the Spriggan Assassin, began the quest for the Orb.
     0 | D:1      | Reached XP level 1. HP: 10/10 MP: 2/2
    87 | D:1      | Reached skill level 6 in Stealth
   240 | D:1      | Reached XP level 2. HP: 11/14 MP: 4/4
   312 | D:1      | Found a sparkling altar of Nemelex Xobeh.
   853 | D:2      | Reached skill level 7 in Stealth
  1056 | D:2      | Reached XP level 3. HP: 16/18 MP: 6/6
  1430 | D:2      | Reached skill level 8 in Stealth
  1511 | D:2      | Found an opulent altar of Gozag.
  1517 | D:2      | Became a worshipper of Gozag Ym Sagoz the Greedy
  1551 | D:2      | Reached XP level 4. HP: 22/22 MP: 8/8
  1668 | D:2      | Found an ancient bone altar of Kikubaaqudgha.
  1668 | D:2      | Noticed a vampire bat
  1668 | D:2      | Noticed a vampire bat
  1668 | D:2      | Noticed a vampire bat
  2047 | D:2      | Reached skill level 9 in Stealth
  2567 | D:3      | Reached XP level 5. HP: 13/25 MP: 10/10
  2680 | D:3      | Reached skill level 10 in Stealth
  2789 | D:3      | Found a glowing drain.
  2832 | Sewer    | Entered a sewer
  3353 | D:3      | Killed from afar by an orc priest

Action                   |  1- 3 |  4- 6 || total
-------------------------+-------+-------++-------
Melee: Dagger            |    31 |       ||    31
       Short sword       |    38 |    85 ||   123
 Fire: Blowgun           |     4 |    73 ||    77
  Use: Scroll            |     3 |     4 ||     7
 Stab: Sleeping          |    15 |    15 ||    30
       Distracted        |       |     1 ||     1
  Eat: Bread ration      |       |     1 ||     1
       Fruit             |       |     3 ||     3
